 Dungeon Crawl Stone Soup version 0.27-a0-1334-g2746e35aca (webtiles) character file.

Game seed: 8848322353604395283

100 dickylongcocking the Insei (level 4, 0/30 HPs)
             Began as an Octopode Transmuter on June 27, 2021.
             Slain by Eustachio (10 damage)
             ... on level 4 of the Dungeon.
             The game lasted 00:01:51 (2980 turns).

dickylongcocking the Insei (Octopode Transmuter)    Turns: 2980, Time: 00:01:51

Health: 0/30       AC:  1    Str:  9    XL:     4   Next: 74%
Magic:  7/7        EV: 13    Int: 16    God:
Gold:   83         SH:  0    Dex: 12    Spells: 6/7 levels left

rFire    . . .     SeeInvis +     - Unarmed
rCold    . . .     Faith    .   (no shield)
rNeg     . . .     Spirit   .   (helmet restricted)
rPois    .         Reflect  .   (no amulet)
rElec    .         Harm     .   h - ring of see invisible
rCorr    .         Rampage  .   (no ring)
Will     .....                  (no ring)
Stlth    ++........             (no ring)
HPRegen  0.10/turn              (no ring)
MPRegen  0.10/turn              (no ring)
                                (no ring)
                                (no ring)

@: mighty, attractive
A: almost no armour, amphibious, 8 rings, camouflage 1, gelatinous body 1,
(nimble swimmer 1), tentacles
a: no special abilities


You were on level 4 of the Dungeon.
You visited 1 branch of the dungeon, and saw 4 of its levels.

You collected 83 gold pieces.

Inventory:

Missiles
 d - 3 atropa-tipped darts
Magical Staves
 e - a staff of death
Jewellery
 h - a ring of see invisible (left tentacle)
Wands
 m - a wand of digging (7)
Scrolls
 c - a scroll of magic mapping {unknown}
 i - a scroll of blinking {unknown}
 k - a scroll of enchant armour {unknown}
 l - a scroll of holy word {unknown}
 n - a scroll of teleportation {unknown}
Potions
 a - a potion of heal wounds {unknown}
 b - 2 potions of mutation {unknown}
 f - a potion of curing
 g - a potion of attraction
 o - a potion of experience {unknown}


   Skills:
 * Level 2.3 Fighting
 - Level 2.0 Dodging
 * Level 4.8 Unarmed Combat
 - Level 2.0 Spellcasting
 - Level 2.0 Transmutations


You had 6 spell levels left.
You knew the following spells:

 Your Spells              Type           Power      Damage    Failure   Level
a - Beastly Appendage     Tmut           16%        N/A       9%          1

Your spell library contained the following spells:

 Spells                   Type           Power      Damage    Failure   Level
 Wereblood                Tmut           8%         N/A       14%         2
 Spider Form              Tmut/Pois      2%         N/A       38%         3
 Ice Form                 Ice/Tmut       4%         N/A       80%         4


Dungeon Overview and Level Annotations

Branches:
Dungeon (4/15)
 Temple: D:4-7

Altars:
Cheibriados
Qazlal
Wu Jian

Shops:
D:1 *

Annotations:
D:4 Eustachio


Innate Abilities, Weirdness & Mutations

You cannot wear most types of armour.
You are amphibious.
You can wear up to eight rings at the same time.
Your skin changes colour to match your surroundings (Stealth+).
Your rubbery body absorbs attacks. (AC +1, EV +1)
((You are camouflaged near water. (Stealth+)))
You have tentacles for arms and can constrict up to eight enemies at once.


Message History

You completely miss the endoplasm. You squeeze the endoplasm.
You kill the endoplasm!
No target in view!
No target in view!
No target in view!
o - a lumpy inky potion Eustachio the Magnificent comes into view.
He is wielding a +1 rapier of speed.
Found a stone staircase leading down.
Eustachio is nearby!
Eustachio is nearby!
The helpless Eustachio fails to defend himself.
You tentacle-slap Eustachio but do no damage.
Your grab misses Eustachio. Eustachio barely misses you.
You barely miss Eustachio. You grab Eustachio. You squeeze Eustachio.
Eustachio is lightly wounded.
You constrict Eustachio.
Eustachio hits you with a +1 rapier of speed!
You tentacle-slap Eustachio.
Eustachio is lightly wounded.
You constrict Eustachio.
Eustachio hits you with a +1 rapier of speed!
Eustachio barely misses you.
You tentacle-slap Eustachio.
Eustachio is moderately wounded.
You constrict Eustachio. Eustachio closely misses you.
You tentacle-slap Eustachio.
Eustachio is heavily wounded.
You constrict Eustachio. Eustachio barely misses you. x2
Unknown command.
It was a potion of curing.
You feel better.
You constrict Eustachio.
Eustachio hits you with a +1 rapier of speed!
It was a potion of attraction.
You feel attractive to monsters.
You constrict Eustachio. Eustachio closely misses you.
Eustachio completely misses you.
It was a potion of might.
You feel very mighty all of a sudden.
You constrict Eustachio.
Eustachio hits you with a +1 rapier of speed!
You die...

... .... ..>.#######
..........# #.........#
#.........# #.........##
#.....@@...#
##########.#############
#..##..........
##.##.##.......
#.............
#..###+###.... ##.# #.#
#.... #.# #.# #.... #.+
._. +....


You could see Eustachio.

Vanquished Creatures
  An iguana (D:4)
  2 adders (D:3)
  A worm (D:2)
  A dart slug (D:1)
  5 endoplasms
  A giant cockroach (D:2)
  5 goblins
  8 hobgoblins
  7 jackals
  2 quokkas (D:1)
  4 ball pythons
  5 bats
  2 kobolds (D:1)
  5 rats
49 creatures vanquished.

Notes
Turn   | Place    | Note
-------+----------+-------------------------------------------
     0 | D:1      | dickylongcocking the Octopode Transmuter began the quest
                  | for the Orb.
     0 | D:1      | Reached XP level 1. HP: 13/13 MP: 3/3
   237 | D:1      | Reached XP level 2. HP: 17/18 MP: 3/5
   261 | D:1      | Found a faded altar of an unknown god.
   422 | D:1      | Reached skill level 4 in Unarmed Combat
   659 | D:1      | Found Vabroh's General Store.
   665 | D:1      | Reached XP level 3. HP: 16/23 MP: 6/6
  2349 | D:3      | Reached XP level 4. HP: 29/29 MP: 7/7
  2463 | D:3      | Found an ornate altar of the Wu Jian Council.
  2463 | D:3      | Found a stormy altar of Qazlal.
  2944 | D:4      | Found a snail-covered altar of Cheibriados.
  2969 | D:4      | Noticed Eustachio
  2980 | D:4      | Slain by Eustachio

Illustrated notes

Levels and vault maps discovered:
D:1:      dpeg_arrival_solitude, layout_rooms, ebering_ecumenical_altar_webs,
          serial_shops, shop
D:2:      layout_rooms
D:3:      layout_rooms, gammafunk_temple_overflow_wave
D:4:      layout_basic, lemuel_doored_altar, old_standard_altar, serial_forest,
          infiniplex_forest_clump_diagonal, infiniplex_forest_clump_double,
          infiniplex_forest_straight_2, infiniplex_forest_lined_3,
          infiniplex_forest_corner_2, uniq_eustachio

Skill      XL: |  1  2  3  4 |
---------------+-------------+-----
Unarmed Combat | 4 |  4.8
Fighting       | 2 |  2.3
Dodging        | |  2.0
Spellcasting   | |  2.0
Transmutations | |  2.0

Action                   |  1- 3 |  4- 6 || total
-------------------------+-------+-------++-------
Melee: Unarmed           |    89 |    18 ||   107
       Tentacles         |    18 |     4 ||    22
       Constrict         |    24 |     5 ||    29
       Kick              |    11 |       ||    11
       Punch             |     3 |     1 ||     4
 Cast: Beastly Appendage |    12 |       ||    12
  Use: Potion            |       |     3 ||     3
 Stab: Sleeping          |     4 |     3 ||     7
Armor: Skin              |    10 |       ||    10
Dodge: Dodged            |    58 |    15 ||    73

Table legend: (Time is in decaauts)
 A = Elapsed time spent in this place.
 B = Non-inter-level travel time spent in this place.
 C = Inter-level travel time spent in this place.
 D = Time resting spent in this place.
 E = Time spent auto-exploring this place.
 F = Levels seen in this place.
 G = Mean time per level.
                   A        B        C        D        E       F      G
               +--------+--------+--------+--------+--------+-----+--------+
         Total |   2971 |   2874 |     97 |    341 |   2204 |   4 |  742.8 |
       Dungeon |   2971 |   2874 |     97 |    341 |   2204 |   4 |  742.8 |
               +--------+--------+--------+--------+--------+-----+--------+

Top non-repeatable levels by time:
     D:1: 1177 daAuts
     D:2: 1026 daAuts
     D:3: 650 daAuts
     D:4: 116 daAuts
